 Dungeon Crawl Stone Soup version 0.31-a0-344-gd109795599 (webtiles) character file.

Game seed: 378201250031441778

32 AdnanSaban the Covered (level 3, -1/23 HPs)
             Began as a Gargoyle Fighter on July 22, 2023.
             Slain by a goblin
             ... wielding a +0 club
             ... led by Robin
              (2 damage)
             ... on level 2 of the Dungeon.
             The game lasted 00:01:04 (1051 turns).

AdnanSaban the Covered (Gargoyle Fighter)           Turns: 1051, Time: 00:01:05

Health: -1/23      AC: 10    Str: 21    XL:     3   Next: 25%
Magic:  3/3        EV:  9    Int:  8    God:
Gold:   29         SH:  4    Dex:  9    Spells: 2/2 levels left

rFire   + . .        a - +0 flail
rCold   + . .        c - +0 buckler
rNeg    + . .        b - +0 scale mail
rPois   ∞            (no helmet)
rElec   +            i - scarf {rC+ rF+}
rCorr   .            (no gloves)
SInv    .            (no boots)
Will    .....        (no amulet) Stlth
                     (no ring)
HPRegen 0.23/turn    (no ring)
MPRegen 0.08/turn

%: no passive effects
@: no status effects
A: sickness immunity, AC +3, negative energy resistance 1, electricity
resistance, torment resistance 1, petrification resistance
a: no special abilities


You were on level 2 of the Dungeon.
You visited 1 branch of the dungeon, and saw 2 of its levels.

You collected 29 gold pieces.

Inventory:

Hand Weapons
 a - a +0 flail (weapon)
Armour
 b - a +0 scale mail (worn)
 c - a +0 buckler (worn)
 i - a scarf of resistance (worn)
Scrolls
 e - a scroll of poison {unknown}
 f - a scroll of teleportation {unknown}
 g - 2 scrolls of identify {unknown}
 h - a scroll of blinking {unknown}
Potions
 d - a potion of might
 j - a potion of curing {unknown}


   Skills:
 + Level 3.5 Fighting
 + Level 2.4 Maces & Flails
 + Level 3.8 Armour
 + Level 0.1 Dodging
 + Level 3.6 Shields


You had 2 spell levels left.
You didn't know any spells.
Your spell library was empty.

Dungeon Overview and Level Annotations

Branches:
Dungeon (2/15)

Altars:

Shops:
D:1 (

Annotations:
D:2 Robin


Innate Abilities, Weirdness & Mutations

You are immune to sickness and miasma.
Your stone body is resilient. (AC +3)
You are immune to poison.
You resist negative energy. (rN+)
You are resistant to electric shocks. (rElec)
You are resistant to unholy torment.
You are immune to petrification.


Message History

The bat barely misses you. The ball python bites you.
The ball python grabs you. The ball python constricts you.
The bat hits you but does no damage. The hobgoblin hits you.
You block Robin's attack.
You sock the bat!
You kill the bat!
The bat barely misses you.
The ball python bites you but does no damage.
The ball python constricts you. The goblin hits you with a +0 club.
The bat hits you but does no damage.
Robin hits you from afar with a +0 spear.
The hobgoblin hits you but does no damage.
You block the goblin's attack.
The ball python bites you but does no damage.
The ball python constricts you.
You escape the ball python's grasp.
The hobgoblin attacks as you move away! The hobgoblin barely misses you.
The bat barely misses you. Robin hits you but does no damage.
You see here a bat corpse.
The hobgoblin attacks as you move away! The hobgoblin completely misses you.
The bat closely misses you. The hobgoblin hits you.
Robin says, "A pitiful Gargoyle like you will never find the ORB!"
Robin barely misses you. The hobgoblin attacks as you move away!
The hobgoblin hits you but does no damage.
The bat barely misses you. The goblin barely misses you.
Robin throws the goblin at you! The goblin hits you but does no damage.
The bat closely misses you. The bat barely misses you.
You block the bat's attack. The goblin hits you but does no damage.
Robin hits you from afar with a +0 spear.
* * * LOW HITPOINT WARNING * * *
The goblin hits you but does no damage. The goblin attacks as you move away!
The goblin hits you with a +0 dagger.
* * * LOW HITPOINT WARNING * * *
The bat attacks as you move away! The bat hits you but does no damage. x3
The ball python attacks as you move away!
The ball python closely misses you. The bat attacks as you move away!
The bat closely misses you. The goblin attacks as you move away!
The goblin hits you with a +0 club.
You die...

..###.## .... ......
..... #...# .....
#...## ......
########...##....S.
##...#............#.
##...........<.......
#.......g.g..........
#......gggS@.........
#......†.gbg.........
##........g..........
##................?[
#####.............#
#..............
####.##...... ..#
...... ### ..#.#


You could see Robin, 3 hobgoblins, 4 goblins, a bat and a ball python.

Vanquished Creatures
  A dart slug (D:1)
  7 endoplasms (D:1)
  A giant cockroach (D:1)
  4 goblins (D:1)
  4 hobgoblins (D:1)
  A quokka (D:1)
  3 ball pythons (D:1)
  3 bats
  A rat (D:1)
25 creatures vanquished.

Notes
Turn   | Place    | Note
-------+----------+-------------------------------------------
     0 | D:1      | AdnanSaban the Gargoyle Fighter began the quest for the
                  | Orb.
     0 | D:1      | Reached XP level 1. HP: 14/14 MP: 1/1
    63 | D:1      | Reached XP level 2. HP: 19/19 MP: 2/2
   209 | D:1      | Found Bailotoa's Antique Weapon Boutique.
   716 | D:1      | Reached XP level 3. HP: 18/23 MP: 3/3
   939 | D:2      | Noticed Robin
  1050 | D:2      | HP: 1/23 [goblin/+0 dagger[Robin] (4)]
  1051 | D:2      | Slain by a goblin

Illustrated notes

Levels and vault maps discovered:
D:1:      eino_arrival_tree_alley, layout_basic, serial_shops, shop
D:2:      layout_rooms, serial_shops, nicolae_shop_crystal,
          shapermc_ecumenical_altar_hornbeckon, basic_altar, uniq_terence,
          uniq_robin

Action                     || total
---------------------------++-------
  Melee: Flail             ||    66
 Armour: Scale mail        ||    61
  Dodge: Dodged            ||    50
  Block: Buckler           ||    19

Table legend: (Time is in decaauts)
 A = Elapsed time spent in this place.
 B = Non-inter-level travel time spent in this place.
 C = Inter-level travel time spent in this place.
 D = Time resting spent in this place.
 E = Time spent auto-exploring this place.
 F = Levels seen in this place.
 G = Mean time per level.
                   A        B        C        D        E       F      G
               +--------+--------+--------+--------+--------+-----+--------+
         Total |   1072 |   1037 |     35 |     64 |    798 |   2 |  536.0 |
       Dungeon |   1072 |   1037 |     35 |     64 |    798 |   2 |  536.0 |
               +--------+--------+--------+--------+--------+-----+--------+

Top non-repeatable levels by time:
     D:1: 1056 daAuts
     D:2: 16 daAuts
